 Dungeon Crawl Stone Soup version 0.26-a0-812-g31a745ddcd (webtiles) character file.

Game seed: 10174418123060255675

53 mhoghedin the Grave Robber (level 3, 0/24 HPs)
             Began as a Mummy Necromancer on Nov 18, 2020.
             Killed from afar by Sigmund (11 damage)
             ... with a magic dart
             ... on level 3 of the Dungeon.
             The game lasted 00:04:54 (2824 turns).

mhoghedin the Grave Robber (Mummy Necromancer)      Turns: 2824, Time: 00:04:55

Health: 0/24       AC: -1    Str: 11    XL:     3   Next: 64%
Magic:  8/8        EV: 12    Int: 15    God:
Gold:   145        SH:  0    Dex: 12    Spells: 4/9 levels left

rFire    x . .     SeeInvis .   c - +2 dagger (venom)
rCold    + . .     Faith    .   (no shield)
rNeg     + + +     Spirit   .   a - +0 robe
rPois    ∞         Reflect  .   (no helmet)
rElec    .         Harm     .   (no cloak)
rCorr    .         Rampage  .   f - +0 pair of gloves
MR       .....                  (no boots)
Stlth    ++........             (no amulet)
HPRegen  0.08/turn              d - -4 ring of protection (curse)
MPRegen  0.11/turn              (no ring)

@: no status effects
A: no potions, fire vulnerability, cold resistance 1, negative energy resistance
3, torment resistance, unbreathing
a: no special abilities


You were on level 3 of the Dungeon.
You visited 1 branch of the dungeon, and saw 3 of its levels.

You collected 145 gold pieces.

Inventory:

Hand Weapons
 b - a +0 short sword
   (You found it on level 1 of the Dungeon)
 c - a +2 dagger of venom (weapon)
   (You took it off a goblin on level 1 of the Dungeon)
Missiles
 j - 3 curare-tipped darts (quivered)
Armour
 a - a +0 robe (worn)
 f - a +0 pair of gloves (worn)
   (You found it on level 1 of the Dungeon)
Jewellery
 d - a cursed -4 ring of protection (left hand)
   (You found it on level 2 of the Dungeon)
 k - an uncursed ring of resist corrosion {unknown}
   (You found it on level 3 of the Dungeon)
Wands
 e - a wand of flame (13)
   (You found it on level 2 of the Dungeon)
Scrolls
 g - 2 scrolls of enchant weapon
 h - 2 scrolls of enchant armour {unknown}


   Skills:
 - Level 1.8 Dodging
 - Level 1.7 Stealth
 + Level 3.9 Spellcasting
 + Level 4.6 Necromancy


You had 4 spell levels left.
You knew the following spells:

 Your Spells              Type           Power        Failure   Level
a - Pain                  Necr           ###.         2%          1
x - Vampiric Draining     Necr           ###.......   9%          3
A - Animate Skeleton      Necr           ###...       2%          1

Your spell library contained the following spells:

 Spells                   Type           Power        Failure   Level
 Animate Dead             Necr           ###.......   26%         4
 Agony                    Necr           ###.....     58%         5


Dungeon Overview and Level Annotations

Branches:
Dungeon (3/15)

Altars:
Vehumet

Annotations:
D:3 Sigmund


Innate Abilities, Weirdness & Mutations

You do not drink.
Your flesh is vulnerable to fire.
You are immune to poison.
Your flesh is cold resistant. (rC+)
You are immune to negative energy. (rN+++)
You are immune to unholy pain and torment.
You can survive without breathing.


Message History

There is a stone staircase leading down here.
You climb downwards.
Found a golden ring, 3 curare-tipped darts and 8 gold pieces.
Found a stone staircase leading down.
There is a stone staircase leading up here.
j - 3 curare-tipped darts
k - a golden ring You now have 118 gold pieces (gained 8).
A dart slug comes into view.
A dart slug is nearby!
No target in view!
No target in view!
No target in view!
No target in view!
No target in view!
You now have 128 gold pieces (gained 10).
h - 2 scrolls labelled SYAWNE TOUCY (gained 1)
A dart slug is nearby!
Unknown command.
Found 17 gold pieces.
Found a radiant altar of Vehumet.
A giant cockroach comes into view.
A kobold comes into view. It is quivering 3 poisoned darts.
The kobold shouts!
The kobold throws a poisoned dart.
The poisoned dart closely misses you.
Aim: a giant cockroach (chance to defeat MR: 87%)
You miscast Pain.
You are very lightly contaminated with residual magic.
Nothing appears to happen.
The kobold throws a poisoned dart.
The poisoned dart hits you!
You now have 7/8 mp.
A jackal comes into view.
Aim: a giant cockroach (chance to defeat MR: 87%)
The giant cockroach writhes in agony.
You kill the giant cockroach!
The jackal barks!
You hear a bark! x2
A jackal comes into view.
The kobold throws a poisoned dart.
The poisoned dart barely misses you.
You now have 6/8 mp.
The jackal barely misses you.
Aim: a jackal (chance to defeat MR: 87%)
The jackal writhes in agony!
You kill the jackal!
A jackal comes into view.
Your magical contamination has completely faded away.
You now have 5/8 mp.
Aim: a kobold (chance to defeat MR: 87%)
The kobold writhes in agony.
You now have 4/8 mp.
Aim: a kobold (moderately wounded, chance to defeat MR: 87%)
The kobold writhes in agony!
You kill the kobold!
Aim: a jackal (chance to defeat MR: 87%)
The jackal barely resists.
The jackal barely misses you.
You now have 3/8 mp.
You hit the jackal.
The jackal is poisoned.
The jackal bites you. x2
You take 2 damage, and have 22/24 hp.
You hit the jackal.
You kill the jackal!
The jackal bites you.
You take 2 damage, and have 20/24 hp.
You closely miss the jackal. The jackal barely misses you.
The dart slug launches a dart at you. The slug dart hits you!
You take 7 damage, and have 13/24 hp.
MASSIVE DAMAGE!!
The spell is quite dangerous to cast (9% risk of failure)!
Continue anyway?
Okay, then.
You hit the jackal.
The jackal is poisoned.
The jackal barely misses you.
You hit the jackal.
You kill the jackal!
You hit the dart slug.
The dart slug is poisoned.
The dart slug completely misses you.
You hit the dart slug.
You kill the dart slug!
You start resting.
Health restored: 24; MP restored: 8 You now have 141 gold pieces (gained 13).
You see here a poisoned dart.
You now have 145 gold pieces (gained 4).
Sigmund the Dreaded comes into view.
He is wielding a +0 scythe.
Sigmund shouts!
Sigmund gestures wildly while chanting.
Sigmund flickers and vanishes!
Deactivating autopickup; reactivate with Ctrl-A.
You are confused.
You're too confused to move!
You feel less confused. Something hits you.
You take 4 damage, and have 20/24 hp.
Unknown command.
Something hits you!
You take 9 damage, and have 11/24 hp.
MASSIVE DAMAGE!!
As you read the scroll labelled LUISAE ROSTRO, it crumbles to dust.
You hear a loud clanging noise!
It was a scroll of noise.
You hear a shout!
A magic dart appears from out of thin air!
The magic dart hits you!
You die...

####+####.# #. #.........#
... +.....>...##### #.#
#.............# ## #.#
#....<....###.###. #.#
#...............#. #.#
#.........##..###.
######.###.............###.
#......{..@.............##.
#..###.#####.....#..#......
#..........................
#.........###..###..#.#.##.
#.....###.#................
#..#..# #.#.#..####.....##.
#..#..###.#.#..# #.#.#.##.
##...........!.####.#.#.##.
###......{.........#.#.##.


There were no monsters in sight!

Vanquished Creatures
  An ooze (D:2)
  A worm (D:2)
  3 dart slugs
  A leopard gecko (D:2)
  A giant cockroach (D:3)
  9 goblins
  2 hobgoblins
  5 jackals
  4 bats
  A frilled lizard (D:2)
  4 kobolds
  6 rats
38 creatures vanquished.

Vanquished Creatures (others)
  A kobold (D:3)
1 creature vanquished.

Grand Total: 39 creatures vanquished

Notes
Turn   | Place    | Note
-------+----------+-------------------------------------------
     0 | D:1      | mhoghedin the Mummy Necromancer began the quest for the
                  | Orb.
     0 | D:1      | Reached XP level 1. HP: 13/13 MP: 4/4
   474 | D:1      | Reached skill level 3 in Spellcasting
   474 | D:1      | Reached XP level 2. HP: 8/19 MP: 0/6
  1495 | D:2      | Learned a level 1 spell: Animate Skeleton
  1698 | D:2      | Reached XP level 3. HP: 22/24 MP: 0/7
  2252 | D:2      | Learned a level 3 spell: Vampiric Draining
  2594 | D:3      | Found a radiant altar of Vehumet.
  2795 | D:3      | Noticed Sigmund
  2824 | D:3      | Killed from afar by Sigmund

Illustrated notes

Levels and vault maps discovered:
D:1:      saegor_arrival_simple_a, layout_loops_ring
D:2:      lemuel_upstairs_altar, layout_loops_ring, minmay_tetromino_l2
D:3:      layout_basic, fiery_altar_vehumet, marbit_many_paths, minitemple,
          small_statue_intersection, uniq_sigmund

Skill      XL: |  1 |
---------------+----+-----
Spellcasting   | 3 |  3.9
Dodging        | |  1.8
Stealth        | |  1.7
Necromancy     | |  4.6

Action                   || total
-------------------------++-------
Melee: Dagger            ||    49
 Cast: Pain              ||    48
       Animate Skeleton  ||     2
  Use: Scroll            ||     4
 Stab: Sleeping          ||     3
Armor: Robe              ||     5
Dodge: Dodged            ||    50

Table legend: (Time is in decaauts)
 A = Elapsed time spent in this place.
 B = Non-inter-level travel time spent in this place.
 C = Inter-level travel time spent in this place.
 D = Time resting spent in this place.
 E = Time spent auto-exploring this place.
 F = Levels seen in this place.
 G = Mean time per level.
                   A        B        C        D        E       F      G
               +--------+--------+--------+--------+--------+-----+--------+
         Total |   2820 |   2774 |     46 |   1210 |   1229 |   3 |  940.0 |
       Dungeon |   2820 |   2774 |     46 |   1210 |   1229 |   3 |  940.0 |
               +--------+--------+--------+--------+--------+-----+--------+

Top non-repeatable levels by time:
     D:1: 1367 daAuts
     D:2: 1180 daAuts
     D:3: 272 daAuts

Table legend:
 A = Kills in this place as a percentage of kills in entire the game.
 B = Kills by you in this place as a percentage of kills by you in the entire game.
 C = Kills by friends in this place as a percentage of kills by friends in the entire game.
 D = Other kills in this place as a percentage of other kills in the entire game.
 E = Experience gained in this place as a percentage of experience gained in the entire game.
 F = Experience gained in this place divided by the number of levels of this place that you have seen.
                   A       B       C       D       E      F
               +-------+-------+-------+-------+-------+----------------------
         Total | 100.0 | 100.0 |   N/A |   N/A | 100.0 |  25.7
       Dungeon | 100.0 | 100.0 |   N/A |   N/A | 100.0 |  25.7
               +-------+-------+-------+-------+-------+----------------------
